 Dungeon Crawl Stone Soup version 0.32-a0-938-g40ac7a0f4d (webtiles) character file.

Game seed: 16234945543541883789

5015 javelincjr the Fighter (level 10, -3/96 HPs)
             Began as a Minotaur Berserker on Apr 15, 2024.
             Was an Elder of Trog.
             Slain by a troll (8 damage)
             ... on level 8 of the Dungeon.
             The game lasted 00:20:31 (8262 turns).

javelincjr the Fighter (Minotaur Berserker)         Turns: 8262, Time: 00:20:32

Health: -3/96      AC: 12    Str: 27    XL:     10   Next: 30%
Magic:  9/9        EV: 10    Int: 10    God:    Trog [****..]
Gold:   332        SH:  0    Dex:  9    Spells: 9/9 levels left

rFire   . . .        M - +4 battleaxe
rCold   . . .        (shield currently unavailable)
rNeg    . . .        x - +0 chain mail
rPois   +            (helmet restricted)
rElec   .            (no cloak)
rCorr   .            (no gloves)
SInv    +            c - +0 pair of boots
Will    +++..        (no amulet) Stlth
                     j - +6 ring of intelligence
HPRegen 1.36/turn    D - ring of see invisible
MPRegen 0.11/turn

%: no passive effects
@: mighty, strong-willed, on berserk cooldown, enlightened, flying,
regenerating, slowed, very slow
A: horns 2, retaliatory headbutt, poison resistance, inability to read after
injury 1
a: Renounce Religion, Berserk, Trog's Hand, Brothers in Arms


You were on level 8 of the Dungeon.
You worshipped Trog.
Trog was greatly pleased with you.
You visited 1 branch of the dungeon, and saw 8 of its levels.
You also visited: Ossuary.

You collected 332 gold pieces.

Inventory:

Hand Weapons
 a - a +0 hand axe
 y - a +4 dagger
 B - a +0 halberd of protection
 M - a +4 battleaxe (weapon)
 O - a +3 war axe
 R - a +0 orcbow
Missiles
 l - 65 stones
 A - 15 poisoned darts (quivered)
Armour
 b - a +0 animal skin
 c - a +0 pair of boots (worn)
 g - a +0 ring mail
 x - a +0 chain mail (worn)
 C - a +0 plate armour
 G - a +0 scale mail
 J - a +2 hat of intelligence
 L - a +2 robe of fire resistance
 P - +0 steam dragon scales
Jewellery
 j - a +6 ring of intelligence (left hand)
 D - a ring of see invisible (right hand)
 I - a ring of ice
 Q - a +6 ring of intelligence
Wands
 K - a wand of flame (28)
 N - a wand of digging (4)
Scrolls
 d - 5 scrolls of teleportation {unknown}
 e - 6 scrolls of identify {unknown}
 h - 7 scrolls of fog {unknown}
 k - 2 scrolls of enchant weapon {unknown}
 o - a scroll of immolation {unknown}
 p - 4 scrolls of blinking {unknown}
 r - a scroll of enchant armour {unknown}
 s - 2 scrolls of revelation {unknown}
 u - a scroll of amnesia {unknown}
 H - a scroll of torment {unknown}
Potions
 f - a potion of enlightenment
 i - a potion of might
 m - 2 potions of mutation
 n - 2 potions of haste {unknown}
 q - a potion of brilliance {unknown}
 t - 4 potions of curing {unknown}
 v - a potion of heal wounds {unknown}
 w - a potion of lignification {unknown}
 z - a potion of resistance {unknown}
 E - a potion of magic {unknown}
 F - a potion of degeneration {unknown}


   Skills:
 * Level 11.5 Fighting
 + Level 9.2 Axes
 + Level 8.8 Armour
 + Level 8.0 Dodging


You had 9 spell levels left.
You didn't know any spells.
Your spell library was empty.

Dungeon Overview and Level Annotations

Branches:
Dungeon (8/15)             Temple (0/1) D:7         Ossuary (visited)
   Lair: D:8-11

Altars:
Zin


Innate Abilities, Weirdness & Mutations

You have a pair of horns on your head.
You reflexively headbutt those who attack you in melee.
Your system is resistant to poisons. (rPois)
You occasionally lose the ability to read scrolls when taking damage.


Message History

You barely miss the troll. You headbutt the troll!
The troll is moderately wounded.
The troll barely misses you. You furiously retaliate!
You headbutt the troll. The troll claws you! The troll closely misses you.
The troll bites you but does no damage.
The troll claws you but does no damage. x2
You slash the troll! Your headbutt misses the troll.
The troll is heavily wounded.
The troll closely misses you. You furiously retaliate!
You headbutt the troll. The troll closely misses you. The troll claws you.
The troll bites you. The troll closely misses you.
The troll claws you but does no damage.
You slash the troll!
The troll is severely wounded.
The troll looks more healthy.
The troll bites you!
* * * LOW HITPOINT WARNING * * *
The troll closely misses you. The troll claws you!
* * * LOW HITPOINT WARNING * * *
The troll bites you.
* * * LOW HITPOINT WARNING * * *
The troll misses you. The troll claws you but does no damage.
Your skin crawls.
You feel strong-willed. The troll bites you but does no damage.
The troll barely misses you. The troll claws you but does no damage.
It was a potion of enlightenment.
You feel very buoyant.
You fly up into the air.
The troll closely misses you. The troll claws you but does no damage.
The troll barely misses you. The troll closely misses you.
You furiously retaliate!
You headbutt the troll! The troll claws you but does no damage.
The troll closely misses you.
It was a potion of might.
You feel very mighty all of a sudden. The troll bites you but does no damage.
The troll claws you.
* * * LOW HITPOINT WARNING * * *
The troll claws you.
* * * LOW HITPOINT WARNING * * *
It was a potion of mutation.
You feel extremely strange.
You feel resistant to poisons.
You occasionally lose the ability to read scrolls when taking damage.
The troll bites you!
You die...

#..... #........ .....
#........ ...
#........ #†##
#........ #..###
######### ##...# ###.#
#T# #######
#@#########.....#
#..##.....#.....#
##.#............#
##.###..............##
......................
......................
.......#......#......[
.......#......#.......
.......#......#.......


You could see a troll.

Vanquished Creatures
  A hydra (D:8)
  A deep elf pyromancer (D:8)
  Maggie (D:7)
  A troll (D:8)
  2 water moccasins
  An acid dragon (D:8)
  Duvessa (D:6)
  3 ice beasts
  2 ogres
  A black bear (D:5)
  A centaur (D:8)
  A kobold brigand (D:7)
  3 elf zombies (Ossuary)
  3 bullfrogs
  2 scorpions
  9 wights (D:7)
  Dowan (D:6)
  3 howler monkeys (D:7)
  3 quasits (D:5)
  A jelly (D:7)
  2 orc priests
  3 bombardier beetles (D:5)
  2 centaur zombies (Ossuary)
  4 hounds
  2 human zombies (Ossuary)
  A sleepcap (D:5)
  Terence (D:3)
  4 iguanas
  3 orc wizards
  2 crocodile zombies (Ossuary)
  2 spectral hounds (Ossuary)
  4 mummies (Ossuary)
  8 gnolls
  8 adders
  3 hound simulacra (Ossuary)
  3 shadow imps
  4 white imps
  4 spectral adders (Ossuary)
  4 ufetubi (D:5)
  A dart slug (D:4)
  2 ribbon worms
  3 adder simulacra (Ossuary)
  14 orcs
  4 ball pythons
  8 endoplasms
  3 giant cockroaches
  9 gnoll zombies (Ossuary)
  6 goblins
  7 hobgoblins
  4 jackals (D:1)
  8 kobolds
  A quokka (D:5)
  2 bats
  A frilled lizard (D:3)
  3 gnoll simulacra (Ossuary)
  2 jackal simulacra (Ossuary)
  4 kobold zombies (Ossuary)
  3 orc zombies (Ossuary)
  4 rats
  6 spectral jackals (Ossuary)
200 creatures vanquished.

Notes
Turn   | Place    | Note
-------+----------+-------------------------------------------
     0 | D:1      | javelincjr the Minotaur Berserker began the quest for the
                  | Orb.
     0 | D:1      | Reached XP level 1. HP: 19/19 MP: 0/0
   274 | D:1      | Reached XP level 2. HP: 26/27 MP: 1/1
   424 | D:1      | Reached skill level 4 in Fighting
   688 | D:2      | Reached XP level 3. HP: 33/33 MP: 2/2
   733 | D:2      | Reached ** piety under Trog
  1103 | D:2      | Found a faded altar of an unknown god.
  1196 | D:3      | Reached XP level 4. HP: 18/40 MP: 3/3
  1639 | D:3      | Noticed Terence
  1645 | D:3      | Killed Terence
  1908 | D:4      | Reached XP level 5. HP: 26/47 MP: 4/4
  1989 | D:4      | Found a sand-covered staircase.
  2005 | Ossuary  | Entered an ossuary
  2083 | Ossuary  | Reached *** piety under Trog
  2088 | Ossuary  | Reached skill level 5 in Fighting
  2088 | Ossuary  | Reached skill level 5 in Axes
  2209 | Ossuary  | Reached XP level 6. HP: 46/56 MP: 5/5
  2339 | Ossuary  | Reached skill level 5 in Armour
  2339 | Ossuary  | Reached XP level 7. HP: 25/62 MP: 6/6
  2569 | Ossuary  | Reached skill level 6 in Fighting
  3049 | D:4      | Reached skill level 5 in Dodging
  3976 | D:5      | Entered Level 5 of the Dungeon
  4230 | D:5      | Reached skill level 7 in Fighting
  4230 | D:5      | Reached XP level 8. HP: 52/73 MP: 7/7
  4680 | D:5      | Reached **** piety under Trog
  5206 | D:6      | Reached skill level 8 in Fighting
  5327 | D:6      | Noticed Duvessa
  5329 | D:6      | Noticed Dowan
  5342 | D:6      | Killed Duvessa
  5347 | D:6      | Killed Dowan
  6228 | D:7      | Reached XP level 9. HP: 73/82 MP: 8/8
  6287 | D:7      | Reached skill level 9 in Fighting
  6426 | D:7      | Found a staircase to the Ecumenical Temple.
  6815 | D:7      | Found a glowing silver altar of Zin.
  7016 | D:7      | Reached skill level 10 in Fighting
  7363 | D:7      | Noticed Maggie
  7375 | D:7      | Killed Maggie
  7805 | D:8      | Noticed a deep elf pyromancer
  7819 | D:8      | Killed a deep elf pyromancer
  7851 | D:8      | Reached XP level 10. HP: 94/94 MP: 9/9
  7955 | D:8      | Reached skill level 11 in Fighting
  8232 | D:8      | Noticed a four-headed hydra
  8242 | D:8      | Killed a six-headed hydra
  8258 | D:8      | HP: 3/96 [troll (5)]
  8262 | D:8      | Gained mutation: Your system is resistant to poisons.
                  | (rPois) [potion of mutation]
  8262 | D:8      | Gained mutation: You occasionally lose the ability to read
                  | scrolls when taking damage. [potion of mutation]
  8262 | D:8      | Slain by a troll

Illustrated notes

Levels and vault maps discovered:
D:1:      elethiomel_arrival_quiet, layout_loops_ring, st_stairs_14,
          minmay_misc_feat_five
D:2:      layout_rooms, ebering_ecumenical_altar_sacrificial,
          kennysheep_decorative_pillar
D:3:      layout_loops_ring, uniq_terence
D:4:      cheibrodos_quashed, layout_layer_cave,
          lightli_ossuary_entry_decrepit_ruins
D:5:      layout_basic, serial_demonic, serial_demonic_d, serial_demonic_g,
          serial_demonic_c, serial_demonic_g, serial_demonic_a,
          serial_demonic_b, serial_demonic_c
D:6:      layout_basic, uniq_duvessa
D:7:      layout_loops_ring, nicolae_overflow_hidden_temple,
          minmay_temple_entry_trees, uniq_maggie
D:8:      layout_basic, okawaru_gym_becter, david_lair_generic,
          hellmonk_guarded_unrand_vines

Skill      XL: |  1  2  3  4  5  6  7  8  9 10 |
---------------+-------------------------------+-----
Axes           | 4 5 6 7 8 9 |  9.2
Fighting       | 4 5 7 8 10 11 | 11.5
Armour         | 3 4 5 7 8 |  8.8
Dodging        | 3 4 5 6 7 8 |  8.0

Action                     |  1- 3 |  4- 6 |  7- 9 | 10-12 || total
---------------------------+-------+-------+-------+-------++-------
  Melee: Hand axe          |    86 |   142 |   323 |       ||   551
         Headbutt          |     9 |    27 |    63 |     7 ||   106
         Battleaxe         |       |       |    51 |    21 ||    72
  Throw: Dart              |       |       |     6 |     2 ||     8
 Invoke: Berserk           |       |     2 |     6 |     2 ||    10
         Trog's Hand       |       |     1 |     1 |     1 ||     3
    Use: Potion            |       |       |       |     3 ||     3
 Armour: Animal skin       |    43 |       |       |       ||    43
         Ring mail         |     3 |   111 |    97 |       ||   211
         Scale mail        |       |       |   131 |       ||   131
         Chain mail        |       |       |    32 |    57 ||    89
  Dodge: Dodged            |    40 |    78 |   205 |    29 ||   352

Table legend: (Time is in decaauts)
 A = Elapsed time spent in this place.
 B = Non-inter-level travel time spent in this place.
 C = Inter-level travel time spent in this place.
 D = Time resting spent in this place.
 E = Time spent auto-exploring this place.
 F = Levels seen in this place.
 G = Mean time per level.
                   A        B        C        D        E       F      G
               +--------+--------+--------+--------+--------+-----+--------+
         Total |   8369 |   8241 |    128 |   1128 |   5638 |   9 |  929.9 |
       Dungeon |   7622 |   7494 |    128 |    944 |   5315 |   8 |  952.8 |
       Ossuary |    746 |    746 |      0 |    183 |    323 |   1 |  746.0 |
               +--------+--------+--------+--------+--------+-----+--------+

Top non-repeatable levels by time:
     D:7: 1582 daAuts
     D:4: 1372 daAuts
     D:5: 1222 daAuts
     D:6: 1009 daAuts
 Ossuary: 746 daAuts
     D:3: 703 daAuts
     D:1: 676 daAuts
     D:8: 543 daAuts
     D:2: 512 daAuts
